 Dungeon Crawl Stone Soup version 0.18.1-6-gd335043 (webtiles) character file.

310 sugabear the Skirmisher (level 6, 0/33 HPs)
             Began as a Vine Stalker Wanderer on May 18, 2016.
             Was a Believer of Zin.
             Slain by Grinder (2 damage)
             ... on level 4 of the Dungeon.
             The game lasted 00:04:42 (3908 turns).

sugabear the Skirmisher (Vine Stalker Wanderer)     Turns: 3908, Time: 00:04:43

Health: 0/33       AC:  8    Str: 17    XL:     6   Next: 41%
Magic:  0/7        EV: 10    Int: 13    God:    Zin [**....]
Gold:   128        SH:  0    Dex: 12    Spells: 0 memorised, 5 levels left

rFire  . . .     SeeInvis .     a - +2 short sword
rCold  . . .     Gourm    .     j - +0 scale mail {rPois}
rNeg   . . .     Faith    .     (no shield)
rPois  +         Spirit   +     (no helmet)
rElec  .         Dismiss  .     (no cloak)
rCorr  .         Reflect  .     g - +0 pair of gloves
SustAt .         Harm     .     (no boots)
MR     .....                    (no amulet)
Stlth  ..........               (no ring)
                                (no ring)

@: short of breath, not resistant to hostile enchantments, extremely unstealthy
A: fangs 2, regeneration 2, magic shield, antimagic bite, no device heal 3, rot
immunity
a: Recite, Vitalisation, Donate Gold, Renounce Religion


You were on level 4 of the Dungeon.
You worshipped Zin.
Zin was pleased with you.
You were hungry.

You visited 1 branch of the dungeon, and saw 4 of its levels.

You collected 182 gold pieces.
You donated 54 gold pieces to Zin.

Inventory:

Hand Weapons
 a - a +2 short sword (weapon)
Armour
 c - a +0 ring mail
 g - a +0 pair of gloves (worn)
 j - a +0 scale mail of poison resistance (worn)
Jewellery
 f - an uncursed ring of flight {unknown}
Wands
 t - a wand of flame (30/48)
Scrolls
 i - 4 scrolls of identify {unknown}
 k - a scroll of enchant armour {unknown}
 l - a scroll of random uselessness {unknown}
 m - 2 scrolls of teleportation {unknown}
 o - 2 scrolls of remove curse {unknown}
 q - a scroll of magic mapping {unknown}
 s - a scroll of fog {unknown}
 w - 2 scrolls of enchant weapon {unknown}
 y - a scroll of recharging {unknown}
Potions
 b - a potion of lignification
 e - 3 potions of curing {unknown}
 p - 2 potions of invisibility {unknown}
 u - a potion of degeneration {unknown}
 v - a potion of magic {unknown}
 x - a potion of flight {unknown}
Miscellaneous
 n - a plain deck of wonders
Comestibles
 d - 5 bread rations
 h - 2 meat rations
 r - 2 royal jellies


   Skills:
 + Level 4.0 Fighting
 + Level 2.7 Short Blades
 + Level 1.0 Throwing
 + Level 3.9 Armour
 + Level 2.0 Dodging
 + Level 0.6 Stealth
 + Level 0.4 Invocations
 + Level 1.0 Evocations


You had 5 spell levels left.
You didn't know any spells.

Dungeon Overview and Level Annotations

Branches:
Dungeon (4/15)
 Temple: D:4-7

Altars:
Kikubaaqudgha
Ru
Trog
Xom
Zin

Annotations:
D:4 Grinder


Innate Abilities, Weirdness & Mutations

You have extremely sharp teeth.
You heal very quickly.
When hurt, damage is shared between your health and your magic reserves.
Your bite disrupts and absorbs the magic of your enemies.
Potions and wands cannot restore your health.
You are immune to rotting.


Message History

You closely miss Grinder. You bite Grinder.
Grinder's magic leaks into the air.
You drain his magic.
You feel invigorated.
Grinder is severely wounded.
Grinder hits you.
You writhe in agony.
You hit Grinder but do no damage. You bite Grinder, but do no damage.
Grinder is severely wounded.
Grinder closely misses you.
You hit Grinder. You bite Grinder.
Grinder's magic leaks into the air.
You drain his magic.
You feel invigorated.
Grinder is almost dead.
Grinder hits you!
* * * LOW HITPOINT WARNING * * *
You writhe in agony.
* * * LOW HITPOINT WARNING * * *
You closely miss Grinder. You bite Grinder, but do no damage.
Grinder is almost dead.
Grinder hits you.
* * * LOW HITPOINT WARNING * * *
You writhe in agony.
You die...

.# #### ##.# ##..##
##..## #....#
##....# ##....#
###.....### #.....#
#.........###
#.5...#
............####@..#
.....#........##..##
...##.......#...#.#
.####.#....####...#
## #..##..## ###..#
# ##.###### ####
#..# ##.## #..# ###


You could see Grinder.

Vanquished Creatures
  A scorpion (D:4)
  Crazy Yiuf (D:2)
  Ijyb (D:2)
  2 worker ants (D:4)
  9 adders
  An adder skeleton (D:4)
  4 worms
  2 giant geckos
  2 orcs
  3 bats
  8 hobgoblins
  4 jackals (D:3)
  8 kobolds
  2 quokkas
  A ball python (D:4)
  4 giant newts
  10 goblins
  4 rats
  2 fungi (D:2)
69 creatures vanquished.

Notes
Turn   | Place    | Note
--------------------------------------------------------------
     0 | D:1      | sugabear the Vine Stalker Wanderer began the quest for the Orb.
     0 | D:1      | sugabear set off with: a +2 short sword, a potion of lignification, a +0 ring mail, a bread ration
     0 | D:1      | Reached XP level 1. HP: 11/11 MP: 2/2
   110 | D:1      | Found a shimmering altar of Xom.
   228 | D:1      | Reached XP level 2. HP: 9/16 MP: 1/3
   475 | D:1      | Reached skill level 3 in Fighting
   946 | D:2      | Reached XP level 3. HP: 17/20 MP: 2/4
  1067 | D:2      | Found a faded altar to an unknown god.
  1068 | D:2      | Noticed Ijyb
  1087 | D:2      | Killed Ijyb
  1087 | D:2      | Reached XP level 4. HP: 24/24 MP: 5/5
  1090 | D:2      | Became a worshipper of Zin the Law-Giver
  1090 | D:2      | Reached * piety under Zin
  1090 | D:2      | Donated 36 gold pieces to Zin
  1174 | D:2      | Reached ** piety under Zin
  1496 | D:2      | Found an ancient bone altar of Kikubaaqudgha.
  1969 | D:2      | Noticed Crazy Yiuf
  1980 | D:2      | Killed Crazy Yiuf
  1980 | D:2      | Reached XP level 5. HP: 29/29 MP: 6/6
  2037 | D:3      | Found a sacrificial altar of Ru.
  2082 | D:3      | Found a glowing silver altar of Zin.
  2111 | D:3      | Reached skill level 1 in Dodging
  3036 | D:4      | Reached skill level 4 in Fighting
  3233 | D:4      | Gained mutation: You heal very quickly. [Vine Stalker growth]
  3233 | D:4      | Reached XP level 6. HP: 7/33 MP: 4/7
  3288 | D:4      | Found a bloodstained altar of Trog.
  3883 | D:4      | Noticed Grinder
  3908 | D:4      | Slain by Grinder

Skill      XL: |  1  2  3  4  5  6 |
---------------+-------------------+-----
Fighting       | 3 4 |  4.0
Short Blades   | 2 |  2.7
Armour         | 3 |  3.9
Dodging        | 1 2 |  2.0
Throwing       | |  1.0
Stealth        | |  0.6
Invocations    | |  0.4
Evocations     | |  1.0

Action                   |  1- 3 |  4- 6 || total
-------------------------+-------+-------++-------
Melee: Short sword       |    87 |   239 ||   326
       Bite              |    14 |    67 ||    81
Invok: Recite            |       |     2 ||     2
       Donate Gold       |       |     1 ||     1
  Eat: Chunk             |     1 |     7 ||     8
       Beef jerky        |       |     1 ||     1
Armor: Ring mail         |    33 |       ||    33
       Scale mail        |       |    81 ||    81
Dodge: Dodged            |    33 |   110 ||   143
